 Dungeon Sprint DCSS version 0.17-a0-2127-g1cb09f6 (webtiles) character file.

39628 Kidiri the Unseen (level 13, -1/55 HPs)
             Began as a Spriggan Enchanter on Oct 22, 2015.
             Was the Champion of Dithmenos.
             Slain by a dire elephant (29 damage)
             ... in the Dungeon (Sprint III: "The Ten Rune Challenge").
             The game lasted 00:23:48 (4148 turns).

Kidiri the Unseen (Spriggan Enchanter)              Turns: 4148, Time: 00:23:48

Health: -1/55      AC:  5    Str:  4    XL:     13   Next: 0%
Magic:  28/34      EV: 15    Int: 20    God:    Dithmenos [******]
Gold:   26         SH:  0    Dex: 20    Spells: 5 memorised, 32 levels left

rFire  + + .     SeeInvis +     a - +1 dagger
rCold  x . .     Clarity  .     q - fire dragon hide
rNeg   . . .     SustAt   .     (shield restricted)
rPois  .         Gourm    .     (helmet restricted)
rElec  .         Spirit   .     (no cloak)
rCorr  .         Warding  .     (gloves unavailable)
rMut   .         NoTele   +     (boots unavailable)
MR     ++...                    (no amulet)
Stlth  ++++++++++               (no ring)
                                (no ring)

@: wreathed by umbra, very quick, very resistant to hostile enchantments,
uncannily stealthy
A: unfitting armour, see invisible, agile 1, herbivore 3, speed 3, slow
metabolism 2, spit poison 1, no device heal 1
a: Spit Poison, Shadow Step, Shadow Form, Renounce Religion
}: 1/10 runes: serpentine


You were in the Dungeon.
You worshipped Dithmenos.
Dithmenos was exalted by your worship.
You were full.

You visited 1 branch You collected 26 gold pieces.

Inventory:

Hand Weapons
 a - a +1 dagger (weapon)
 m - a +2 great sword of slicing
Armour
 b - a +1 robe
 n - a +0 leather armour
 q - a fire dragon hide (worn)
Wands
 l - a wand of polymorph (14)
Scrolls
 j - a scroll of blinking
 p - a scroll of holy word
 r - 4 scrolls of remove curse
 u - a scroll of immolation {unknown}
Potions
 e - 4 potions of curing
 f - 2 potions of cancellation {unknown}
 g - a potion of haste
 h - 2 potions of magic
 i - a potion of berserk rage
 k - 2 potions of lignification
 s - a potion of cure mutation
 t - a potion of flight
Comestibles
 c - 27 royal jellies
 d - a bread ration
 o - 4 chunks of flesh
 x - 6 fruits


   Skills:
 * Level 15.1 Short Blades
 + Level 7.9 Armour
 * Level 19.0 Dodging
 * Level 20.5 Stealth
 * Level 16.4 Spellcasting
 + Level 8.0 Conjurations
 + Level 12.4 Hexes
 + Level 8.6 Ice Magic
 - Level 2.3 Invocations


You had 32 spell levels left.
You knew the following spells:

 Your Spells              Type           Power        Failure   Level  Hunger
a - Corona                Hex            ######.      1%          1    None
b - Ensorcelled Hibernat  Hex/Ice        ######       2%          2    None
c - Confuse               Hex            ######..     2%          3    None
d - Tukima's Dance        Hex            ######..     2%          3    None
e - Dazzling Spray        Conj/Hex       ######..     10%         3    None


Dungeon Overview and Level Annotations

Branches:
Dungeon (1/1)

Altars:
Cheibriados
Dithmenos
Elyvilon
Fedhas
Gozag
Kikubaaqudgha
Makhleb
Nemelex Xobeh
Okawaru
Qazlal
Ru
Sif Muna
Trog
Vehumet
Xom
Yredelemnul
Zin
The Shining One
Jiyva
Lugonu

Shops:
D ![=:[!

Annotations:
D Gastronok, Xtahua


Innate Abilities, Weirdness & Mutations

You are tiny and cannot use many weapons and most armour.
You have supernaturally acute eyesight.
You are a herbivore.
You cover ground extremely quickly.
You need consume almost no food.
You are agile. (Dex +2)
You can spit weak poison.
Potions and wands are less effective at restoring your health.


Message History

You open the door.
There is an open door here.
You close the door.
You start resting.
Your magical contamination has completely faded away.
You open the door.
You hit the dire elephant but do no damage.
The dire elephant misses you. The dire elephant barely misses you.
Casting: Dazzling Spray
Confirm with . or Enter, or press ? or * to list all spells.
Aiming: Dazzling Spray
Press: ? - help, Shift-Dir - straight line, f/p - dire elephant
Aim: a dire elephant (umbra)
The spray of energy hits the dire elephant.
The dire elephant is lightly wounded.
Your shadow mimicks your spell!
The shadow shard hits the dire elephant.
The dire elephant tramples you!!
Ouch! That really hurt!
You die...

▓.Y.+≈≈≈≈≈≈§≈≈♣♣.....♣♣♣♣≈≈≈....
▓..P#≈≈≈≈≈.≈≈≈♣♣.≈≈≈≈'♣♣'♣≈≈≈≈≈≈
▓.PP#≈≈≈§§§.≈≈≈'...%%#.≈♣♣♣♣♣♣♣♣
▓Y.P#≈.≈.§§.≈≈♣♣♣♣♣♣♣#..♣♣
.Y$#≈≈§≈≈≈≈%%♣ ###+♣♣♣♣♣♣♣
▓##Y####+#######♣ ♣♣♣♣.##..##≈
▓...Yw..§§§§§§Y.♣♣ ♣...##.##.#≈
▓#+#############Y♣ ♣♣.##.##.##+
...#≈P........@.♣ ♣..#.##...#
▓...+≈≈...########♣♣ ♣♣.##.##..#
▓JJ.#≈≈≈.........PP♣ ♣♣.##.#####
▓JJ.#≈≈≈≈P..PP÷...P♣ ♣.....##...
#+#############+#### ########+##
#.♣♣ #... #♣.♣ #... ♣.♣♣ #####
#### ♣♣.♣ ...φ# ##..


You could see a dire elephant.

Vanquished Creatures
  Rupert (D)
  A greater naga (D)
  Maud (D)
  2 fire dragons (D)
  2 hydras (D)
  Erica (D)
  4 anacondas (D)
  4 death yaks (D)
  A centaur warrior (D)
  A death drake (D)
  A spriggan druid (D)
  2 unseen horrors (D)
  A lindwurm (D)
  6 black mambas (D)
  A guardian serpent (D)
  2 spiny frogs (D)
  A fire drake (D)
  A deep elf priest (D)
  A komodo dragon (D)
  A queen bee (D)
  8 blink frogs (D)
  3 wandering mushrooms (D)
  A shadow (D)
  2 spriggans (D)
  3 redbacks (D)
  A spatial vortex (D)
  A water moccasin (D)
  2 nagas (D)
  A swamp drake (D)
  A necrophage (D)
  2 centaurs (D)
  An earth elemental (D)
  2 brain worms (D)
  A water elemental (D)
  A scorpion (D)
  32 killer bees (D)
  An electric eel (D)
  A jelly (D)
  Jessica (D)
  A necromancer (D)
  A wizard (D)
  A kobold demonologist (D)
  3 humans (D)
  4 adders (D)
  An ooze (D)
  2 rats (D)
113 creatures vanquished.

Vanquished Creatures (collateral kills)
  A naga warrior (D)
1 creature vanquished.

Vanquished Creatures (others)
  2 draconian scorchers (D)
  A dancing weapon (D)
  3 yaktaurs (D)
  2 fire drakes (D)
  5 plants (D)
13 creatures vanquished.

Grand Total: 127 creatures vanquished

Notes
Turn   | Place    | Note
--------------------------------------------------------------
     0 | D        | Kidiri the Spriggan Enchanter began the quest for the Orb.
     0 | D        | Reached XP level 1. HP: 9/9 MP: 5/5
     7 | D        | Reached skill level 5 in Stealth
    12 | D        | Noticed Jessica
    20 | D        | Killed Jessica
    20 | D        | Reached skill level 1 in Armour
    20 | D        | Reached skill level 6 in Stealth
    20 | D        | Reached XP level 2. HP: 8/13 MP: 6/8
    20 | D        | Reached XP level 3. HP: 9/16 MP: 6/9
    27 | D        | Learned a level 2 spell: Ensorcelled Hibernation
    31 | D        | Learned a level 3 spell: Confuse
    35 | D        | Learned a level 3 spell: Dazzling Spray
    36 | D        | Killed a yaktaur
   179 | D        | Reached skill level 5 in Dodging
   181 | D        | Killed a white draconian scorcher
   207 | D        | Killed a white draconian scorcher
   225 | D        | Noticed a scorpion
   232 | D        | Killed a scorpion
   232 | D        | Reached skill level 7 in Stealth
   232 | D        | Reached skill level 5 in Spellcasting
   232 | D        | Reached skill level 1 in Conjurations
   232 | D        | Reached skill level 1 in Ice Magic
   232 | D        | Reached XP level 4. HP: 21/21 MP: 12/12
   239 | D        | Learned a level 3 spell: Tukima's Dance
   260 | D        | Gained mutation: Your muscles are strong. (Str +2) [potion of mutation]
   260 | D        | Gained mutation: You are clumsy. (Dex -2) [potion of mutation]
   260 | D        | Gained mutation: You passively map a small area around you. [potion of mutation]
   261 | D        | Lost mutation: You are clumsy. (Dex -2) [potion of cure mutation]
   261 | D        | Lost mutation: Your muscles are strong. (Str +2) [potion of cure mutation]
   261 | D        | Lost mutation: You passively map a small area around you. [potion of cure mutation]
   262 | D        | Gained mutation: Potions and wands are less effective at restoring your health. [potion of mutation]
   262 | D        | Gained mutation: You are agile. (Dex +2) [potion of mutation]
   262 | D        | Gained mutation: You can spit weak poison. [potion of mutation]
   309 | D        | Noticed a water elemental
   312 | D        | Killed a water elemental
   312 | D        | Reached skill level 8 in Stealth
   312 | D        | Reached skill level 5 in Hexes
   312 | D        | Reached XP level 5. HP: 24/24 MP: 14/14
   321 | D        | Noticed a jelly
   322 | D        | Noticed a shadow
   324 | D        | Killed a shadow
   324 | D        | Reached skill level 9 in Stealth
   324 | D        | Reached XP level 6. HP: 28/28 MP: 15/17
   328 | D        | Killed a jelly
   335 | D        | Killed a fire drake
   342 | D        | Found a stormy altar of Qazlal.
   343 | D        | Found a sacrificial altar of Ru.
   343 | D        | Found a burning altar of Makhleb.
   343 | D        | Found a viscous altar of Jiyva.
   343 | D        | Found a shimmering altar of Xom.
   343 | D        | Found a shadowy altar of Dithmenos.
   343 | D        | Found a sparkling altar of Nemelex Xobeh.
   343 | D        | Found a corrupted altar of Lugonu.
   343 | D        | Found an opulent altar of Gozag.
   343 | D        | Noticed a spatial vortex
   347 | D        | Became a worshipper of Dithmenos the Shadowed
   382 | D        | Killed a spatial vortex
   382 | D        | Reached skill level 10 in Stealth
   382 | D        | Reached skill level 1 in Invocations
   490 | D        | Found a radiant altar of Vehumet.
   490 | D        | Killed a fire drake
   491 | D        | Found a deep blue altar of Sif Muna.
   491 | D        | Found an ancient bone altar of Kikubaaqudgha.
   491 | D        | Noticed a wizard
   492 | D        | Killed a wizard
   552 | D        | Found a glowing silver altar of Zin.
   553 | D        | Found a glowing golden altar of the Shining One.
   553 | D        | Found a white marble altar of Elyvilon.
   553 | D        | Noticed a deep elf priest
   555 | D        | Killed a deep elf priest
   555 | D        | Reached * piety under Dithmenos
   555 | D        | Reached skill level 10 in Dodging
   555 | D        | Reached skill level 11 in Stealth
   555 | D        | Reached XP level 7. HP: 32/32 MP: 17/19
   573 | D        | Found an iron altar of Okawaru.
   574 | D        | Found a bloodstained altar of Trog.
   574 | D        | Noticed a human
   574 | D        | Noticed a human
   587 | D        | Killed a human
   594 | D        | Killed a human
   752 | D        | Killed a yaktaur
   889 | D        | Found a snail-covered altar of Cheibriados.
   889 | D        | Noticed a necrophage
   891 | D        | Killed a necrophage
   891 | D        | Reached XP level 8. HP: 36/36 MP: 18/22
   892 | D        | Found a basalt altar of Yredelemnul.
   892 | D        | Found a blossoming altar of Fedhas.
   892 | D        | Noticed a necromancer
   894 | D        | Killed a necromancer
   894 | D        | Reached ** piety under Dithmenos
   930 | D        | Noticed Erica
   942 | D        | Killed Erica
   942 | D        | Reached skill level 12 in Stealth
   942 | D        | Reached skill level 10 in Spellcasting
  1044 | D        | Noticed an earth elemental
  1047 | D        | Killed an earth elemental
  1047 | D        | Reached skill level 13 in Stealth
  1052 | D        | Noticed a centaur
  1052 | D        | Noticed a centaur warrior
  1052 | D        | Noticed a centaur
  1054 | D        | Killed a centaur
  1056 | D        | Killed a centaur warrior
  1056 | D        | Reached *** piety under Dithmenos
  1056 | D        | Reached XP level 9. HP: 39/39 MP: 24/24
  1057 | D        | Killed a centaur
  1057 | D        | Reached skill level 5 in Ice Magic
  1168 | D        | Noticed an unseen horror
  1168 | D        | Noticed an unseen horror
  1170 | D        | Killed an unseen horror
  1170 | D        | Reached skill level 10 in Short Blades
  1170 | D        | Reached skill level 14 in Stealth
  1172 | D        | Killed an unseen horror
  1191 | D        | Noticed a killer bee
  1191 | D        | Noticed a killer bee
  1191 | D        | Noticed a killer bee
  1191 | D        | Noticed a killer bee
  1191 | D        | Noticed a killer bee
  1191 | D        | Noticed a killer bee
  1191 | D        | Noticed a killer bee
  1191 | D        | Noticed a killer bee
  1191 | D        | Noticed a killer bee
  1191 | D        | Noticed a killer bee
  1191 | D        | Noticed a killer bee
  1191 | D        | Noticed a killer bee
  1191 | D        | Noticed a queen bee
  1191 | D        | Noticed a killer bee
  1191 | D        | Noticed a killer bee
  1192 | D        | Noticed a killer bee
  1192 | D        | Noticed a killer bee
  1192 | D        | Noticed a killer bee
  1192 | D        | Noticed a killer bee
  1192 | D        | Noticed a killer bee
  1192 | D        | Noticed a killer bee
  1192 | D        | Noticed a killer bee
  1192 | D        | Noticed a killer bee
  1192 | D        | Noticed a killer bee
  1192 | D        | Noticed a killer bee
  1192 | D        | Noticed a killer bee
  1192 | D        | Noticed a killer bee
  1192 | D        | Noticed a killer bee
  1192 | D        | Noticed a killer bee
  1192 | D        | Noticed a killer bee
  1192 | D        | Noticed a killer bee
  1192 | D        | Noticed a killer bee
  1192 | D        | Noticed a killer bee
  1193 | D        | Killed a killer bee
  1194 | D        | Killed a killer bee
  1194 | D        | Reached **** piety under Dithmenos
  1200 | D        | Killed a killer bee
  1202 | D        | Killed a killer bee
  1206 | D        | Killed a killer bee
  1208 | D        | Killed a killer bee
  1208 | D        | Reached skill level 5 in Armour
  1208 | D        | Reached XP level 10. HP: 40/44 MP: 14/26
  1210 | D        | Killed a killer bee
  1210 | D        | Reached ***** piety under Dithmenos
  1212 | D        | Killed a killer bee
  1214 | D        | Killed a killer bee
  1216 | D        | Killed a killer bee
  1216 | D        | Reached skill level 15 in Stealth
  1218 | D        | Killed a killer bee
  1300 | D        | Killed a yaktaur
  1352 | D        | Killed a killer bee
  1354 | D        | Killed a killer bee
  1354 | D        | Reached skill level 5 in Conjurations
  1356 | D        | Killed a killer bee
  1358 | D        | Killed a killer bee
  1360 | D        | Killed a killer bee
  1362 | D        | Killed a killer bee
  1365 | D        | Killed a killer bee
  1372 | D        | Killed a killer bee
  1374 | D        | Killed a killer bee
  1376 | D        | Killed a killer bee
  1378 | D        | Killed a killer bee
  1378 | D        | Reached ****** piety under Dithmenos
  1512 | D        | Killed a killer bee
  1514 | D        | Killed a killer bee
  1516 | D        | Killed a killer bee
  1518 | D        | Killed a killer bee
  1520 | D        | Killed a killer bee
  1522 | D        | Killed a killer bee
  1526 | D        | Killed a killer bee
  1528 | D        | Killed a killer bee
  1530 | D        | Killed a killer bee
  1533 | D        | Killed a queen bee
  1535 | D        | Killed a killer bee
  1710 | D        | Noticed a wandering mushroom
  1711 | D        | Noticed a wandering mushroom
  1711 | D        | Noticed a wandering mushroom
  1713 | D        | Killed a wandering mushroom
  1715 | D        | Killed a wandering mushroom
  1716 | D        | Killed a wandering mushroom
  1758 | D        | Noticed a spiny frog
  1758 | D        | Noticed a komodo dragon
  1758 | D        | Noticed a spiny frog
  1763 | D        | Killed a spiny frog
  1763 | D        | Reached skill level 16 in Stealth
  1765 | D        | Killed a komodo dragon
  1766 | D        | Killed a spiny frog
  1856 | D        | Noticed a redback
  1860 | D        | Killed a redback
  1861 | D        | Noticed a brain worm
  1864 | D        | Killed a brain worm
  1870 | D        | Noticed a brain worm
  1872 | D        | Killed a brain worm
  1975 | D        | Noticed a lindwurm
  1976 | D        | Noticed a redback
  1977 | D        | Killed a lindwurm
  1977 | D        | Reached skill level 15 in Dodging
  1977 | D        | Reached skill level 10 in Hexes
  1979 | D        | Killed a redback
  1984 | D        | Noticed a redback
  1985 | D        | Killed a redback
  1985 | D        | Reached XP level 11. HP: 47/47 MP: 24/29
  1986 | D        | Noticed Maud
  1989 | D        | Killed Maud
  1989 | D        | Reached skill level 17 in Stealth
  2011 | D        | Noticed an electric eel
  2012 | D        | Noticed a four-headed hydra
  2012 | D        | Noticed a five-headed hydra
  2013 | D        | Killed an electric eel
  2015 | D        | Killed a four-headed hydra
  2016 | D        | Killed a five-headed hydra
  2054 | D        | Noticed a death drake
  2056 | D        | Killed a death drake
  2080 | D        | Found a blossoming altar of Fedhas.
  2080 | D        | Noticed a spriggan
  2080 | D        | Noticed a spriggan druid
  2080 | D        | Noticed a spriggan
  2082 | D        | Killed a spriggan druid
  2088 | D        | Killed a spriggan
  2093 | D        | Killed a spriggan
  2197 | D        | Noticed a black mamba
  2197 | D        | Noticed an anaconda
  2197 | D        | Noticed a black mamba
  2197 | D        | Noticed a water moccasin
  2199 | D        | Killed a water moccasin
  2201 | D        | Killed an anaconda
  2201 | D        | Reached skill level 18 in Stealth
  2206 | D        | Killed a black mamba
  2207 | D        | Killed a black mamba
  2274 | D        | Noticed an anaconda
  2274 | D        | Noticed an anaconda
  2274 | D        | Noticed an anaconda
  2274 | D        | Noticed a black mamba
  2275 | D        | Killed an anaconda
  2276 | D        | Noticed a black mamba
  2277 | D        | Killed an anaconda
  2278 | D        | Killed an anaconda
  2281 | D        | Killed a black mamba
  2281 | D        | Reached XP level 12. HP: 51/51 MP: 26/31
  2286 | D        | Killed a black mamba
  2359 | D        | Noticed a naga
  2359 | D        | Noticed a naga
  2361 | D        | Noticed a greater naga
  2363 | D        | Noticed a naga warrior
  2367 | D        | Killed a naga
  2370 | D        | Killed a naga
  2542 | D        | Killed a naga warrior
  3066 | D        | Killed a greater naga
  3066 | D        | Reached skill level 19 in Stealth
  3066 | D        | Reached skill level 15 in Spellcasting
  3139 | D        | Found Xessireo's Book Shop.
  3139 | D        | Found Biramo's Antique Armour Shoppe.
  3143 | D        | Found Fezonozo's Distillery.
  3230 | D        | Noticed a guardian serpent
  3233 | D        | Killed a guardian serpent
  3237 | D        | Got a serpentine rune of Zot
  3610 | D        | Noticed a swamp drake
  3610 | D        | Noticed a fire drake
  3611 | D        | Killed a fire drake
  3613 | D        | Killed a swamp drake
  3620 | D        | Noticed a blink frog
  3621 | D        | Noticed a blink frog
  3621 | D        | Noticed a blink frog
  3621 | D        | Noticed a blink frog
  3621 | D        | Noticed a blink frog
  3622 | D        | Killed a blink frog
  3624 | D        | Killed a blink frog
  3625 | D        | Killed a blink frog
  3627 | D        | Killed a blink frog
  3628 | D        | Killed a blink frog
  3679 | D        | Noticed Rupert
  3681 | D        | Killed Rupert
  3700 | D        | Noticed a death yak
  3701 | D        | Noticed a death yak
  3701 | D        | Noticed a blink frog
  3702 | D        | Noticed an azure jelly
  3702 | D        | Noticed a death yak
  3702 | D        | Noticed an azure jelly
  3702 | D        | Noticed a blink frog
  3702 | D        | Noticed a death yak
  3703 | D        | Killed a death yak
  3704 | D        | Killed a death yak
  3704 | D        | Reached skill level 20 in Stealth
  3705 | D        | Killed a blink frog
  3706 | D        | Noticed a blink frog
  3711 | D        | Killed a blink frog
  3718 | D        | Killed a death yak
  3721 | D        | Killed a death yak
  3728 | D        | Noticed a black mamba
  3733 | D        | Killed a blink frog
  3735 | D        | Noticed a black mamba
  3737 | D        | Killed a black mamba
  3738 | D        | Killed a black mamba
  3837 | D        | Noticed a fire dragon
  3838 | D        | Noticed a fire dragon
  3842 | D        | Killed a fire dragon
  3842 | D        | Reached skill level 15 in Short Blades
  3888 | D        | Killed a fire dragon
  3888 | D        | Reached XP level 13. HP: 55/55 MP: 27/34
  3928 | D        | Found Pyul's Distillery.
  3928 | D        | Found Vuogaroq's Antique Armour Boutique.
  3928 | D        | Found Ohoygemi's Jewellery Emporium.
  4030 | D        | Noticed a six-headed hydra
  4030 | D        | Noticed Xtahua
  4111 | D        | Noticed an azure jelly
  4111 | D        | Noticed an azure jelly
  4112 | D        | Noticed an elephant
  4112 | D        | Noticed an elephant
  4112 | D        | Noticed a dire elephant
  4112 | D        | Noticed a dire elephant
  4112 | D        | Noticed Gastronok
  4148 | D        | Slain by a dire elephant

Vault maps used:
D:        dungeon_sprint_mu

Action                   |  1- 3 |  4- 6 |  7- 9 | 10-12 | 13-15 || total
-------------------------+-------+-------+-------+-------+-------++-------
Melee: Dagger            |    11 |    23 |    29 |   104 |     2 ||   169
 Cast: Ensorcelled Hiber |     2 |       |    10 |    44 |       ||    56
       Dazzling Spray    |       |     4 |     3 |    23 |     3 ||    33
       Confuse           |       |       |     3 |     1 |       ||     4
       Tukima's Dance    |       |       |       |    18 |       ||    18
Invok: Shadow Step       |       |       |       |    18 |       ||    18
 Abil: Spit Poison       |       |       |       |     2 |       ||     2
  Use: Potion            |       |     3 |     1 |       |       ||     4
       Scroll            |       |     3 |       |       |       ||     3
 Stab: Sleeping          |     4 |     6 |    15 |    71 |       ||    96
       Confused          |       |       |     3 |       |       ||     3
       Invisible         |       |       |       |     9 |       ||     9
  Eat: Bread ration      |       |       |       |     1 |       ||     1
